[Event "ICCopen2017"]
[Site "Internet Chess Club"]
[Date "2017.03.25"]
[Round "8"]
[White "DroolingBaby"]
[Black "Falstaf"]
[Result "0-1"]
[ICCResult "White forfeits on time"]
[WhiteElo "2289"]
[BlackElo "2872"]
[Opening "King's Indian: Kramer system"]
[ECO "E70"]
[NIC "KI.31"]
[Time "15:30:25"]
[TimeControl "180+0"]

1. d4 Nf6 2. c4 g6 3. Nc3 Bg7 4. e4 d6 5. Nge2 O-O 6. Ng3 e5 7. d5 a5 8. Be2
Na6 9. h4 h5 10. Bg5 Qe8 11. Qd2 Nc5 12. Bxf6 Bxf6 13. Bxh5 gxh5 14. Nxh5
Bh8 15. O-O-O f5 16. Ng3 f4 17. Nge2 Bd7 18. Kb1 Qg6 19. h5 Qh7 20. f3 Bf6
21. Rdg1 Kh8 22. Nb5 Bxb5 23. cxb5 Rg8 24. Qe1 b6 25. Qc3 Raf8 26. a3 a4 27.
Qe1 Qh6 28. Ka2 Rg7 29. Qc1 Rfg8 30. g4 Bg5 31. Qc4 Ra8 32. Nc3 Kg8 33. Kb1
Kf7 34. Ka2 Ke7 35. Kb1 Kd7 36. Ka2 Qf6 37. Kb1 Bh4 38. Ka2 Bg3 39. Rh3 Qg5
40. h6 Rh7 41. Rgh1 Rah8 42. Rh5 Qg6 43. g5 Rg8 44. Nxa4 Qf7 45. Nxc5+ dxc5
46. b4 Bf2 47. bxc5 Bxc5 48. Qf1 Ra8 49. Qh3+ Kd6 50. Qf5 Rg8 51. Qxf7 Rxf7
52. h7 Rh8 53. g6 Rg7 54. Rh6 Ke7 55. R1h5 Bd6 56. Rf5 Ke8 57. Kb3 Ke7 58.
a4 Ke8 59. Kc4 Ke7 60. Kd3 Ke8 61. Ke2 Kd7 62. Kf2 Ke7 63. Kg2 Ke8 64. Kh3
Ke7 65. Kg4 Kd7 66. Rf6 Ke7 67. Kf5 Bb4 68. Re6+ Kf8 69. Kxe5 Bd6+ 70. Rxd6
cxd6+ 71. Kxd6 Ra7 72. Ke6 Kg7 73. Rh1 Re8+ 74. Kf5 Rd8 {White forfeits on
time} 0-1

[Event "ICCopen2017"]
[Site "Internet Chess Club"]
[Date "2017.03.25"]
[Round "8"]
[White "Alfred"]
[Black "bobbyforever"]
[Result "0-1"]
[ICCResult "White forfeits on time"]
[WhiteElo "1178"]
[BlackElo "1549"]
[Opening "Sicilian: closed"]
[ECO "B23"]
[NIC "SI.44"]
[Time "15:30:24"]
[TimeControl "180+0"]

1. e4 c5 2. Nc3 e6 3. Nf3 a6 4. a4 Qc7 5. Bc4 Nc6 6. O-O Nf6 7. Re1 d6 8. d4
cxd4 9. Nxd4 Be7 10. Nf3 O-O 11. h3 b6 12. Bf4 Bb7 13. e5 Ne8 14. exd6 Bxd6
15. Bxd6 Nxd6 16. Qe2 Nxc4 17. Qxc4 Rad8 18. Ne5 Qd6 19. Rad1 Nxe5 20. Rxd6
Nxc4 21. Rxd8 Rxd8 22. Ne4 Bxe4 23. Rxe4 b5 24. axb5 axb5 25. b3 Nb6 26. Rb4
Rd5 27. c4 Rc5 28. cxb5 Kf8 29. g4 Ke7 30. f4 Kd6 31. f5 Rc1+ 32. Kf2 Kc5
33. Rf4 e5 34. Rf3 Kxb5 35. f6 Rc2+ 36. Kg3 g6 37. h4 Kb4 38. h5 Rc3 39.
Rxc3 Kxc3 40. hxg6 hxg6 41. Kh4 Kxb3 42. Kg5 Kc4 43. Kh6 e4 44. Kg7 e3 45.
Kxf7 e2 46. Kxg6 e1=Q 47. f7 Qe7 {White forfeits on time} 0-1

[Event "ICCopen2017"]
[Site "Internet Chess Club"]
[Date "2017.03.25"]
[Round "8"]
[White "neverend"]
[Black "ZavenGrozny"]
[Result "0-1"]
[ICCResult "White forfeits on time"]
[WhiteElo "2579"]
[BlackElo "3108"]
[Opening "English opening"]
[ECO "A20"]
[NIC "EO.24"]
[Time "15:31:02"]
[TimeControl "180+0"]

1. c4 e5 2. g3 h5 3. h4 Nc6 4. Bg2 Nf6 5. Nc3 Bb4 6. Nd5 Bc5 7. e3 d6 8. Ne2
Bg4 9. a3 a5 10. Rb1 Nxd5 11. cxd5 Ne7 12. d4 exd4 13. exd4 Bb6 14. Qd3 O-O
15. Bg5 Qd7 16. O-O Bf5 17. Be4 Bxe4 18. Qxe4 Rae8 19. Bxe7 Rxe7 20. Qf3
Rfe8 21. Nf4 Bxd4 22. Nxh5 Re2 23. b4 R8e3 24. Qf4 Be5 25. Qg5 Rf3 26. Rbe1
Rfxf2 27. Rxf2 Rxe1+ 28. Kg2 axb4 29. Rf6 g6 30. Qh6 gxh5 31. Qg5+ Kf8 32.
Rf2 Bd4 33. Rd2 Bg7 34. Qxh5 Qe7 35. Rf2 Qe4+ 36. Qf3 Qxf3+ 37. Kxf3 bxa3
38. Ra2 Ra1 {White forfeits on time} 0-1

[Event "ICCopen2017"]
[Site "Internet Chess Club"]
[Date "2017.03.25"]
[Round "8"]
[White "Maxbet"]
[Black "Bojack"]
[Result "0-1"]
[ICCResult "White resigns"]
[WhiteElo "2824"]
[BlackElo "2043"]
[Opening "French: Tarrasch, closed variation"]
[ECO "C05"]
[NIC "FR.17"]
[Time "15:31:18"]
[TimeControl "180+0"]

1. e4 e6 2. d4 d5 3. Nd2 Nf6 4. e5 Nfd7 5. Bd3 c5 6. c3 Nc6 7. Ngf3 g6 8.
O-O Bg7 9. Rb1 O-O 10. b4 cxd4 11. cxd4 Qb6 12. b5 Nxd4 13. Nxd4 Qxd4 14.
Nf3 Qb6 15. Re1 Qc7 16. Bf4 Nc5 17. h4 h5 18. Rc1 b6 19. Ng5 Qe7 20. Bb1 Bd7
21. g4 f6 22. Bxg6 fxe5 23. Bg3 Qf6 24. gxh5 e4 25. Nh7 Qb2 26. Qg4 Kh8 27.
h6 Bd4 28. Nxf8 Rxf8 29. Rf1 Bf6 30. h7 e5 31. Bf7 Bxg4 32. Bxd5 Bf3 33. Rc4
Kxh7 34. Kh2 Qd2 35. Rg1 Qh6 36. Kh3 Qh5 37. Be6 Nxe6 {White resigns} 0-1

[Event "ICCopen2017"]
[Site "Internet Chess Club"]
[Date "2017.03.25"]
[Round "8"]
[White "pagoda"]
[Black "bspurt"]
[Result "0-1"]
[ICCResult "White forfeits on time"]
[WhiteElo "1790"]
[BlackElo "2093"]
[Opening "Pirc defense"]
[ECO "B07"]
[NIC "PU.04"]
[Time "15:31:10"]
[TimeControl "180+0"]

1. Nc3 Nf6 2. e4 d6 3. d4 g6 4. f3 Bg7 5. Be3 O-O 6. Qd2 e5 7. Nge2 Nc6 8.
O-O-O a6 9. Kb1 b5 10. Nd5 Nxd5 11. exd5 Ne7 12. Bh6 Bb7 13. Bxg7 Kxg7 14.
dxe5 dxe5 15. d6 cxd6 16. Qxd6 Qxd6 17. Rxd6 Rfd8 18. Rxd8 Rxd8 19. Kc1 Nd5
20. Ng3 Ne3 21. Bd3 Nxg2 22. Be4 Bxe4 23. fxe4 Nf4 24. h4 h5 25. Rg1 Kf6 26.
Rf1 Ke6 27. a3 f5 28. b3 Rd4 29. Re1 Rd8 30. Rf1 Rf8 31. Kb2 fxe4 32. Re1
Ng2 33. Rxe4 Rf4 34. Re2 Nxh4 35. Ne4 Rxe4 36. Rxe4 g5 {White forfeits on
time} 0-1

[Event "ICCopen2017"]
[Site "Internet Chess Club"]
[Date "2017.03.25"]
[Round "8"]
[White "Kalmyk"]
[Black "fishbein"]
[Result "0-1"]
[ICCResult "White forfeits on time"]
[WhiteElo "2843"]
[BlackElo "2644"]
[Opening "Ruy Lopez: open, Howell attack"]
[ECO "C81"]
[NIC "RL.28"]
[Time "15:30:36"]
[TimeControl "180+0"]

1. e4 e5 2. Nf3 Nc6 3. Bb5 a6 4. Ba4 Nf6 5. O-O Nxe4 6. d4 b5 7. Bb3 d5 8.
dxe5 Be6 9. Qe2 Be7 10. Rd1 O-O 11. c4 bxc4 12. Bxc4 Bc5 13. Be3 Bxe3 14.
Qxe3 Qb8 15. Bb3 Qb6 16. Qxb6 cxb6 17. Na3 Rfd8 18. Nc2 Na5 19. Nfd4 Nc4 20.
Bxc4 dxc4 21. Ne3 b5 22. f4 g6 23. g4 Nc5 24. f5 Bd5 25. Nxd5 Rxd5 26. Nc6
Rxd1+ 27. Rxd1 Nd3 28. f6 Kf8 29. e6 fxe6 30. g5 e5 31. Rd2 Kf7 32. Re2 Ke6
33. Nd4+ Kd5 34. Nc2 Rc8 35. Ne3+ Ke6 36. Ng4 b4 37. Ne3 c3 38. bxc3 bxc3
39. Nc2 Nf4 40. Re3 Nd5 41. Rd3 e4 42. Rd4 Ke5 43. Ra4 e3 44. Kf1 Kf5 45.
Ke2 Nf4+ 46. Kxe3 Re8+ 47. Kf3 Nh3 48. Ra5+ Ke6 49. Nd4+ Kf7 50. Rxa6 Nxg5+
51. Kg4 Ne4 52. Nf3 Nxf6+ 53. Kg5 Ne4+ 54. Kh6 c2 55. Ra7+ Kf6 56. Ra6+ Kf5
57. Rc6 g5 58. Rxc2 g4 59. Nd4+ Ke5 60. Ne2 Re6+ 61. Kh5 Nf6+ 62. Kh4 h6 63.
Kg3 Kf5 64. Kg2 Ke5 65. Ng3 Kd5 66. Re2 Rxe2+ {White forfeits on time} 0-1

[Event "ICCopen2017"]
[Site "Internet Chess Club"]
[Date "2017.03.25"]
[Round "8"]
[White "skewerd"]
[Black "HouseMorgan"]
[Result "0-1"]
[ICCResult "White forfeits on time"]
[WhiteElo "1857"]
[BlackElo "2019"]
[Opening "Caro-Kann: Panov-Botvinnik attack"]
[ECO "B13"]
[NIC "CK.02"]
[Time "15:30:34"]
[TimeControl "180+0"]

1. e4 c6 2. d4 d5 3. exd5 cxd5 4. c4 f6 5. cxd5 Qxd5 6. Nc3 Qa5 7. d5 e6 8.
dxe6 Bxe6 9. Nf3 Bb4 10. Bd2 Ne7 11. a3 Bxc3 12. Bxc3 Qc7 13. Be2 O-O 14.
O-O Nbc6 15. Rc1 Rad8 16. Qa4 Nd5 17. Nd4 Nxc3 18. Nxe6 Nxa4 19. Nxc7 Rd7
20. Bc4+ Kh8 21. Ne6 Re8 22. b4 Nb6 23. Ba2 Rde7 24. Nc5 Nd4 25. Rcd1 Ne2+
26. Kh1 Nc3 27. Rd2 Re1 28. Kg1 Ne2+ 29. Rxe2 R8xe2 30. Be6 Rxf1+ 31. Kxf1
Rb2 32. Nxb7 Na4 33. Na5 Nc3 34. g3 Ne4 35. Nc6 a6 36. Bc8 Rxf2+ 37. Kg1 Rc2
38. Bb7 Nd6 39. Ba8 Nf7 40. Bb7 Ng5 41. Nd4 Nh3+ 42. Kf1 Rd2 43. Nc6 Ra2 44.
Bxa6 Rxa3 45. b5 Ng5 46. Bc8 Rb3 47. Nd4 Rb1+ 48. Ke2 Ne4 49. Kd3 Nd6 50.
Bd7 Kg8 51. Bc6 Kf7 52. Kc2 Rb4 53. Kc3 Rb1 54. Kc2 Rh1 55. b6 Rxh2+ 56. Kd3
Ke7 57. b7 Nxb7 58. Bxb7 Rh3 59. Ne2 f5 60. Bc8 Kf6 61. Ke3 Kg5 62. Kf3 Rh2
63. Nf4 h5 64. Ne6+ Kf6 65. Nf4 g5 66. Nd5+ Kg6 67. Ne7+ Kh6 68. Nxf5+ Kg6
69. Ne3 Kg7 70. Bf5 g4+ 71. Kf4 Rh1 72. Nd5 Rb1 73. Ke5 Rb4 74. Kd6 Rb5 75.
Ke5 Rb6 76. Be4 Rb7 77. Nf4 Rd7 78. Kf5 Re7 79. Kg5 Rf7 80. Kxh5 Rf5+ 81.
Kxg4 Rf6 82. Kf3 Rg6 83. g4 Rf6 84. Ke3 Rxf4 {White forfeits on time} 0-1

[Event "ICCopen2017"]
[Site "Internet Chess Club"]
[Date "2017.03.25"]
[Round "8"]
[White "grancaruso"]
[Black "bythebook"]
[Result "1-0"]
[ICCResult "Black forfeits on time"]
[WhiteElo "1786"]
[BlackElo "1529"]
[Opening "King's Indian: Petrosian system"]
[ECO "E92"]
[NIC "KI.17"]
[Time "15:31:16"]
[TimeControl "180+0"]

1. Nf3 Nf6 2. c4 g6 3. Nc3 Bg7 4. e4 d6 5. d4 O-O 6. Be2 e5 7. d5 Na6 8. Bg5
h6 9. Bh4 Qe8 10. Nd2 Nd7 11. f3 f5 12. a3 f4 13. b4 g5 14. Bf2 Nf6 15. c5
Qg6 16. cxd6 cxd6 17. Bxa6 bxa6 18. Nc4 Ne8 19. Na5 g4 20. Nc6 Rf7 21. Rg1
Bd7 22. Rc1 Kh7 23. Qd3 Qh5 24. Rh1 g3 25. Bg1 gxh2 26. Rxh2 Qg6 27. Bf2 Bc8
28. Qf1 Bf6 29. Qh1 Rg7 30. Ne2 Bd7 31. Nxa7 {Black forfeits on time} 1-0

[Event "ICCopen2017"]
[Site "Internet Chess Club"]
[Date "2017.03.25"]
[Round "8"]
[White "zealous"]
[Black "Massada"]
[Result "0-1"]
[ICCResult "White checkmated"]
[WhiteElo "1655"]
[BlackElo "1506"]
[Opening "Queen's pawn, Mason variation"]
[ECO "D00"]
[NIC "QP.08"]
[Time "15:31:25"]
[TimeControl "180+0"]

1. d4 d5 2. Bf4 e6 3. e3 Nf6 4. c3 Bd6 5. Bg3 Nc6 6. Nd2 O-O 7. f4 Ne7 8.
Ngf3 Nf5 9. Bf2 Ng4 10. Bd3 Nfxe3 11. Bxe3 Nxe3 12. Qe2 Bxf4 13. g3 Bh6 14.
Kf2 e5 15. Nxe5 Bh3 16. Rhe1 f6 17. Nef3 Re8 18. Kg1 Qd7 19. Nh4 Ng2 20. Qf2
Rxe1+ 21. Rxe1 Nxe1 22. Qxe1 Re8 23. Qd1 Qe6 24. Nhf3 Qe3+ 25. Kh1 Qxd3 26.
Qa4 Re2 27. Qd1 Bg2+ 28. Kg1 Be3# {White checkmated} 0-1

[Event "ICCopen2017"]
[Site "Internet Chess Club"]
[Date "2017.03.25"]
[Round "8"]
[White "Mercury"]
[Black "BUHO64"]
[Result "1/2-1/2"]
[ICCResult "Black stalemated"]
[WhiteElo "2138"]
[BlackElo "2029"]
[Opening "Sicilian: dragon, Yugoslav attack, 9.Bc4"]
[ECO "B77"]
[NIC "SI.18"]
[Time "15:31:06"]
[TimeControl "180+0"]

1. e4 c5 2. Nf3 d6 3. d4 cxd4 4. Nxd4 Nf6 5. Nc3 g6 6. Be3 Bg7 7. f3 O-O 8.
Qd2 Nc6 9. Bc4 Nd7 10. h4 Nb6 11. Be2 Na5 12. b3 a6 13. h5 e5 14. hxg6 exd4
15. gxh7+ Kh8 16. Bxd4 f6 17. O-O-O Be6 18. Bxb6 Qxb6 19. Qxd6 Qe3+ 20. Qd2
Qxd2+ 21. Rxd2 f5 22. Nd5 Rac8 23. exf5 Bxf5 24. Ne7 Rce8 25. Nxf5 Rxf5 26.
Bd3 Rfe5 27. Be4 Nc6 28. Rhd1 Rc5 29. Rd7 Nb4 30. Kb1 Nc6 31. g4 Nd4 32.
R1xd4 Bxd4 33. Rxd4 b5 34. Rd6 a5 35. a3 b4 36. axb4 axb4 37. Rb6 Rc7 38.
Rxb4 Rd8 39. Kb2 Rdc8 40. Rd4 Rb8 41. b4 Ra7 42. Kb3 Ra1 43. c3 Re1 44. Kc4
Rc1 45. Kd3 Rc8 46. c4 Rb1 47. b5 Rb3+ 48. Kc2 Rb4 49. Kc3 Ra4 50. Rd7
Raxc4+ 51. Kb3 Rc1 52. Kb4 R1c4+ 53. Ka5 Rc3 54. b6 Rb3 55. b7 Rb8 56. Rc7
R3xb7 57. Rxb7 Ra8+ 58. Kb6 Ra6+ 59. Kxa6 {Black stalemated} 1/2-1/2

[Event "ICCopen2017"]
[Site "Internet Chess Club"]
[Date "2017.03.25"]
[Round "8"]
[White "oscarshe"]
[Black "geom"]
[Result "0-1"]
[ICCResult "White checkmated"]
[WhiteElo "1358"]
[BlackElo "1584"]
[Opening "QGD Slav: 4.Nc3"]
[ECO "D15"]
[NIC "SL.03"]
[Time "15:31:00"]
[TimeControl "180+0"]

1. d4 c6 2. c4 Nf6 3. Nc3 d5 4. Nf3 Bf5 5. e3 e6 6. Be2 Be7 7. O-O O-O 8.
Nh4 Nbd7 9. Nxf5 exf5 10. Qc2 g6 11. cxd5 cxd5 12. a3 Rc8 13. Qd1 Re8 14.
Bd3 Bd6 15. Qe2 Bb8 16. Bd2 Nb6 17. g3 Nc4 18. Bxc4 Rxc4 19. Qd3 Ne4 20.
Rfc1 Ng5 21. Kg2 Qd7 22. Ne2 Rec8 23. Rxc4 dxc4 24. Qc3 Qd5+ 25. Kg1 Nh3+
26. Kf1 Qh1+ 27. Ng1 Qxg1+ 28. Ke2 Qxf2+ 29. Kd1 Qf1+ 30. Be1 Nf2+ 31. Kc2
Ne4 32. Qb4 Qe2+ 33. Kc1 c3 34. bxc3 Qxe1+ 35. Kb2 Qd2+ 36. Kb3 Rxc3+ 37.
Ka4 Qc2+ 38. Ka5 Bc7+ 39. Kb5 Rb3 40. Ka4 Rxb4+ 41. Kxb4 Qc3+ 42. Ka4 Qxa1
43. Kb4 Bd6+ 44. Kb3 Qa2+ 45. Ka4 Qxa3+ 46. Kb5 Bc7 47. Kc4 a6 48. Kd5 Qd6+
49. Kc4 b5+ 50. Kd3 Qb4 51. Ke2 Qc3 52. Kf3 Qd2 53. h3 Qf2# {White
checkmated} 0-1

[Event "ICCopen2017"]
[Site "Internet Chess Club"]
[Date "2017.03.25"]
[Round "8"]
[White "Chaos23"]
[Black "joppie"]
[Result "1/2-1/2"]
[ICCResult "Black ran out of time and White has no material to mate"]
[WhiteElo "1844"]
[BlackElo "1623"]
[Opening "Old Benoni defense"]
[ECO "A43"]
[NIC "OI.09"]
[Time "15:31:01"]
[TimeControl "180+0"]

1. d4 c5 2. d5 d6 3. e4 e6 4. Nc3 exd5 5. exd5 Nf6 6. Nf3 Be7 7. Bd3 O-O 8.
O-O Bg4 9. h3 Bh5 10. g4 Bg6 11. Re1 Nbd7 12. Bf4 Re8 13. Qd2 a6 14. a4 Rc8
15. b3 Nb6 16. Bxg6 hxg6 17. a5 Nbd7 18. Na4 b5 19. axb6 Nxb6 20. Nxb6 Qxb6
21. Qd3 Qb7 22. Rxa6 Nxd5 23. Bxd6 Nb4 24. Qe4 Qxe4 25. Rxe4 Nxa6 26. Rxe7
Rxe7 27. Bxe7 c4 28. b4 c3 29. Kf1 Nc7 30. Nd4 Nd5 31. Bc5 Rb8 32. Nc6 Rb5
33. Nd4 Rb7 34. h4 Nxb4 35. Ne2 Nd5 36. Bd4 Rc7 37. g5 Rc4 38. Kg2 Nf4+ 39.
Nxf4 Rxd4 40. Ne2 Rxh4 41. Nxc3 Rc4 42. Ne2 Rxc2 43. Kf3 Rc5 44. Kg4 Rc4+
45. f4 f6 46. Ng3 fxg5 47. Kxg5 Rc2 48. Ne4 Rc4 49. Nd6 Rxf4 50. Kxf4 Kh7
51. Kg5 Kg8 52. Ne4 Kh7 53. Ng3 Kg8 54. Kxg6 Kf8 55. Nf5
{Black ran out of time and White has no material to mate}
1/2-1/2

[Event "ICCopen2017"]
[Site "Internet Chess Club"]
[Date "2017.03.25"]
[Round "8"]
[White "Spirals"]
[Black "BurninggIce"]
[Result "1-0"]
[ICCResult "Black checkmated"]
[WhiteElo "2201"]
[BlackElo "2013"]
[Opening "Two knights defense (Modern bishop's opening)"]
[ECO "C55"]
[NIC "IG.01"]
[Time "15:31:04"]
[TimeControl "180+0"]

1. e4 e5 2. Nf3 Nc6 3. Bc4 Nf6 4. d3 Be7 5. O-O O-O 6. Nc3 d6 7. h3 a6 8. a4
Be6 9. Re1 Bxc4 10. dxc4 Kh8 11. Bg5 Ng8 12. Be3 f5 13. exf5 Rxf5 14. Nd5
Qd7 15. c3 Raf8 16. Nd2 Bh4 17. Ne4 Rf3 18. Qe2 R3f7 19. Qg4 Qd8 20. g3 Be7
21. Rad1 Nf6 22. Ndxf6 Bxf6 23. c5 d5 24. Ng5 Bxg5 25. Bxg5 Qd7 26. Qxd7
Rxd7 27. Be3 e4 28. Kg2 Ne5 29. Re2 Nd3 30. Red2 Rdf7 31. Rxd3 exd3 32. Rxd3
c6 33. b4 a5 34. b5 Re7 35. Rd2 Re4 36. Bd4 Re1 37. Rb2 Ra1 38. bxc6 bxc6
39. Rb7 Rg8 40. Rc7 Rxa4 41. Rxc6 Rc4 42. Ra6 a4 43. Ra7 h6 44. h4 Kh7 45.
h5 Kh8 46. g4 Rc8 47. Bxg7+ Kg8 48. Bd4 Rc6 49. Kg3 Re6 50. f4 Re1 51. g5
hxg5 52. fxg5 Re8 53. g6 a3 54. h6 Ra4 55. h7+ Kf8 56. h8=Q# {Black
checkmated} 1-0

[Event "ICCopen2017"]
[Site "Internet Chess Club"]
[Date "2017.03.25"]
[Round "8"]
[White "ComeonJimtal"]
[Black "tryany1"]
[Result "1-0"]
[ICCResult "Black checkmated"]
[WhiteElo "1727"]
[BlackElo "1507"]
[Opening "Sicilian: wing gambit, Carlsbad variation"]
[ECO "B20"]
[NIC "SI.48"]
[Time "15:31:48"]
[TimeControl "180+0"]

1. e4 c5 2. b4 cxb4 3. a3 bxa3 4. Bxa3 e6 5. Bxf8 Kxf8 6. d4 d5 7. e5 Nc6 8.
c3 Qb6 9. Qd2 f6 10. f4 fxe5 11. fxe5 Nge7 12. Na3 h6 13. Nb5 Nf5 14. g4
Nfe7 15. Bd3 g6 16. Nh3 Kg7 17. Rf1 Qd8 18. Nd6 Rf8 19. Nf4 a6 20. Rf2 b5
21. Bxb5 Rb8 22. Bxa6 Bd7 23. Bd3 Qb6 24. Rb1 Qa7 25. Rxb8 Qxb8 26. Qc2 Qa7
27. Bxg6 Rxf4 28. Rxf4 Nxg6 29. Rf7+ Kh8 30. Qxg6 Qa1+ 31. Kf2 Qb2+ 32. Kg3
Qxc3+ 33. Rf3 Qe1+ 34. Kh3 Nxd4 35. Nf7# {Black checkmated} 1-0

[Event "ICCopen2017"]
[Site "Internet Chess Club"]
[Date "2017.03.25"]
[Round "8"]
[White "habishek"]
[Black "marcos610"]
[Result "1-0"]
[ICCResult "Black forfeits on time"]
[WhiteElo "1061"]
[BlackElo "1138"]
[Opening "Robatsch (modern) defense"]
[ECO "B06"]
[NIC "KF.05"]
[Time "15:31:07"]
[TimeControl "180+0"]

1. e4 g6 2. d4 Bg7 3. Nf3 b6 4. Nc3 Bb7 5. Be3 d6 6. Bd3 Nf6 7. O-O O-O 8.
Re1 Nc6 9. d5 Ne5 10. Nxe5 dxe5 11. Qe2 a6 12. Qd2 Ng4 13. Be2 Qd7 14. h3
Nxe3 15. Qxe3 f5 16. exf5 gxf5 17. Bc4 Kh8 18. Bd3 e4 19. Be2 Qd6 20. Red1
Rf6 21. Qg3 Qc5 22. Qe3 Qd6 23. Qg3 Qd7 24. Qg5 Rg6 25. Qd2 Rg8 26. g4 Bh6
27. Qe1 fxg4 28. Bxg4 Rxg4+ 29. hxg4 Qxg4+ 30. Kf1 Qg3 31. fxg3
{Black forfeits on time}
1-0

[Event "ICCopen2017"]
[Site "Internet Chess Club"]
[Date "2017.03.25"]
[Round "8"]
[White "Eigeneier"]
[Black "Aravind"]
[Result "1-0"]
[ICCResult "Black checkmated"]
[WhiteElo "1954"]
[BlackElo "2154"]
[Opening "Mieses opening"]
[ECO "A00"]
[NIC "VO.13"]
[Time "15:31:05"]
[TimeControl "180+0"]

1. d3 d5 2. g3 Nf6 3. Bg2 e5 4. Nd2 c6 5. e4 Bc5 6. Ne2 h5 7. h3 Be6 8. a3
Qb6 9. O-O Nbd7 10. b4 Bd6 11. c4 dxc4 12. dxc4 Be7 13. Bb2 g5 14. c5 Qc7
15. Qc2 Nf8 16. Nc4 Ng6 17. Rad1 h4 18. Nd6+ Bxd6 19. cxd6 Qd7 20. g4 Nxg4
21. hxg4 h3 22. Bf3 Bxg4 23. Qd3 Nh4 24. Bxg4 Qxg4+ 25. Qg3 Nf3+ 26. Kh1
Qxe4 27. Nc3 Qf5 28. d7+ Ke7 29. Rde1 Nxe1 30. Rxe1 f6 31. Nd1 Kxd7 32. Ne3
Qe6 33. Ng4 Rae8 34. Rd1+ Kc8 35. Qf3 Rh4 36. Nxf6 Rf4 37. Qg3 Rxf6 38. Ba1
Qf5 39. Bb2 Qf3+ 40. Qxf3 Rxf3 41. Kg1 Rb3 42. Rd2 e4 43. Kh2 e3 44. fxe3
Rexe3 45. Rf2 g4 46. Kg1 g3 47. Rf8+ Kc7 48. Rf7+ Kb6 49. Rf6 Kb5 50. Rf5+
Ka4 51. Ra5# {Black checkmated} 1-0

[Event "ICCopen2017"]
[Site "Internet Chess Club"]
[Date "2017.03.25"]
[Round "8"]
[White "ArchieGoodwin"]
[Black "Buscapina"]
[Result "1-0"]
[ICCResult "Black resigns"]
[WhiteElo "2561"]
[BlackElo "2136"]
[Opening "French: Winawer, advance, poisoned pawn variation"]
[ECO "C18"]
[NIC "FR.11"]
[Time "15:30:56"]
[TimeControl "180+0"]

1. e4 e6 2. d4 d5 3. Nc3 Bb4 4. e5 c5 5. a3 Bxc3+ 6. bxc3 Ne7 7. Qg4 Qc7 8.
Bd3 cxd4 9. Ne2 dxc3 10. Qxg7 Rg8 11. Qxh7 Nbc6 12. f4 Bd7 13. O-O d4 14.
Rb1 O-O-O 15. Qxf7 Rh8 16. Ng3 Rdf8 17. Qg7 Rfg8 18. Qf7 Rf8 19. Qg7 Rfg8
20. Qf7 Rf8 21. Qg7 Rfg8 22. Qf7 Rf8 23. Qg7 Rhg8 24. Qh7 Rh8 25. Qe4 Nd5
26. Qe2 Qd8 27. Ne4 Qh4 28. g3 Qh3 29. Nd6+ Kd8 30. Qg2 b6 31. Qxh3 Rxh3 32.
Kg2 Rhh8 33. h4 Nce7 34. Kh3 Nc8 35. Nb5 Bxb5 36. Bxb5 Nce7 37. Bd3 Nf5 38.
Bxf5 exf5 39. Rd1 Ke7 40. Rxd4 Ke6 41. a4 Rhg8 42. Ba3 Rf7 43. Rbd1 Rfg7 44.
R1d3 Rd7 45. Bd6 Ne7 46. Rxc3 Rgd8 47. Rcc4 Nc8 48. Rc6 Kf7 49. e6+ Kxe6 50.
Bc7+ Kf7 51. Bxd8 Rxd4 52. Rxc8 Rxa4 53. Bg5 b5 54. h5 b4 55. h6 Ra6 56. Kh2
Kg6 57. Rc7 Rb6 58. Rg7+ Kh5 59. h7 Rb8 60. Rg8 Rb6 61. Kh3 Rh6 62. Bxh6
{Black resigns}
1-0

[Event "ICCopen2017"]
[Site "Internet Chess Club"]
[Date "2017.03.25"]
[Round "8"]
[White "zandoli"]
[Black "VrloJakMK"]
[Result "0-1"]
[ICCResult "White forfeits on time"]
[WhiteElo "1917"]
[BlackElo "2041"]
[Opening "Queen's Indian: Marienbad system"]
[ECO "A46"]
[NIC "QP.06"]
[Time "15:31:09"]
[TimeControl "180+0"]

1. d4 Nf6 2. Nf3 c5 3. g3 b6 4. Bg2 Bb7 5. O-O cxd4 6. Qxd4 Nc6 7. Qd1 g6 8.
c4 Bg7 9. Nc3 O-O 10. Be3 Ng4 11. Qd2 Nxe3 12. Qxe3 Na5 13. b3 Rc8 14. Rad1
d6 15. Nd5 Nc6 16. Rfe1 Re8 17. h4 h5 18. Bh3 Rb8 19. Ng5 Ne5 20. Qf4 e6 21.
Ne3 Qe7 22. Ne4 Red8 23. Rd2 d5 24. cxd5 exd5 25. Ng5 f6 26. Ne6 Rd6 27.
Nxg7 Kxg7 28. Red1 Rbd8 29. Qd4 Nc6 30. Qb2 d4 31. Nc4 Rd5 32. Bg2 Rc5 33.
Qa1 b5 34. Nb2 Re5 35. Kf1 Nb4 36. Bxb7 Qxb7 37. Kg1 Re4 38. a3 Nc6 39. Nd3
Qe7 40. b4 Rxe2 41. Nf4 Rxd2 42. Rxd2 Qd6 43. Qe1 Rd7 44. Re2 Re7 45. Rxe7+
Qxe7 46. Qc1 Ne5 47. Qd1 Qd7 48. Qb3 d3 49. Ne6+ Kh8 50. Nf8 Qg7 51. f4 Ng4
{White forfeits on time}
0-1

[Event "ICCopen2017"]
[Site "Internet Chess Club"]
[Date "2017.03.25"]
[Round "8"]
[White "presbyter4"]
[Black "Dodgy"]
[Result "1-0"]
[ICCResult "Black checkmated"]
[WhiteElo "1820"]
[BlackElo "1959"]
[Opening "Catalan: closed, 5.Nf3"]
[ECO "E06"]
[NIC "CA.05"]
[Time "15:30:11"]
[TimeControl "180+0"]

1. d4 Nf6 2. c4 e6 3. Nf3 d5 4. g3 Be7 5. Bg2 O-O 6. O-O dxc4 7. Qc2 a6 8.
a4 c5 9. dxc5 Qc7 10. Na3 Bxc5 11. Bf4 Qe7 12. Nxc4 Nc6 13. Rfd1 Nd5 14. Ng5
g6 15. e3 Nxf4 16. gxf4 Bd7 17. Ne4 e5 18. Rxd7 Qxd7 19. Nf6+ Kg7 20. Nxd7
Bb4 21. Ndxe5 Rac8 22. Nxc6 bxc6 23. Qb3 a5 24. Ne5 c5 25. Qc4 Rc7 26. Rd1
f6 27. Nf3 Rff7 28. e4 Rfe7 29. e5 h5 30. exf6+ Kxf6 31. Ne5 Kg7 32. Qe4 Re6
33. Rd7+ Rxd7 34. Nxd7 Rxe4 35. Bxe4 Bd2 36. f5 gxf5 37. Bxf5 Bc1 38. b3 Ba3
39. Bd3 Kh6 40. Bc4 Kg5 41. Kg2 Kf4 42. Nb8 Bb2 43. Nc6 Bc3 44. Ne7 Ke4 45.
Nd5 Ba1 46. f3+ Kf5 47. Kg3 Be5+ 48. f4 Bd4 49. Kh4 Bg1 50. Kxh5 Bxh2 51.
Kh6 Bxf4+ 52. Nxf4 Kxf4 53. Kg6 Ke5 54. Kf7 Kd4 55. Ke6 Kc3 56. Kd6 Kb4 57.
Kc6 Ka3 58. Kb6 Kb4 59. Ka6 Kc3 60. Kxa5 Kd4 61. Kb5 Kc3 62. Kxc5 Kb2 63.
Kb5 Ka3 64. a5 Kb2 65. a6 Kc3 66. a7 Kd4 67. a8=Q Kc3 68. Qf3+ Kd4 69. b4
Ke5 70. Qd5+ Kf4 71. Bd3 Ke3 72. Qe4+ Kd2 73. Kc5 Kc3 74. b5 Kd2 75. b6 Kc3
76. Bc4 Kd2 77. b7 Kc3 78. b8=Q Kd2 79. Qf8 Kc3 80. Qff3+ Kb2 81. Qee2+ Ka1
82. Qff1# {Black checkmated} 1-0

[Event "ICCopen2017"]
[Site "Internet Chess Club"]
[Date "2017.03.25"]
[Round "8"]
[White "StaggerLee"]
[Black "Marcoluis"]
[Result "0-1"]
[ICCResult "White forfeits on time"]
[WhiteElo "1380"]
[BlackElo "1613"]
[Opening "Sicilian"]
[ECO "B50"]
[NIC "SI.01"]
[Time "15:30:58"]
[TimeControl "180+0"]

1. e4 c5 2. Nf3 d6 3. c3 Nf6 4. Be2 Nbd7 5. d3 g6 6. O-O Bg7 7. Re1 O-O 8.
Bf4 e5 9. Bd2 Re8 10. Na3 b6 11. Nc4 Qc7 12. Ng5 b5 13. Ne3 Nb6 14. Nf3 h6
15. Qb3 a6 16. a3 Be6 17. Qc2 Qb7 18. Rad1 a5 19. d4 exd4 20. cxd4 cxd4 21.
Nxd4 Bc4 22. Nxb5 Bxe2 23. Nxd6 Bxd1 24. Nxb7 Bxc2 25. Nxc2 Nxe4 26. Be3
Rec8 27. Bxb6 Rxc2 28. Nxa5 Nd6 29. b4 Nc4 30. Nxc4 Rxc4 31. Bc5 Rxa3 32. g3
Rac3 33. Re8+ Kh7 34. Kg2 Rxc5 35. bxc5 Rxc5 36. Re7 Rf5 37. h4 h5 38. f3
Bd4 39. Rd7 Bg7 40. Rd6 Bf8 41. Rd8 Kg7 42. Rd7 Ra5 43. Rc7 Ra2+ 44. Kh3 Rf2
45. f4 Bc5 46. Rxc5 Ra2 47. Rc6 Ra3 48. Rc5 Ra2 49. Rc6 Ra1 50. Rc7 Rh1+ 51.
Kg2 Ra1 52. Rc5 Ra3 53. Rc6 Ra2+ 54. Kf3 Ra3+ 55. Kg2 Ra2+ 56. Kh3 Ra1 57.
Rc5 Kf6 {White forfeits on time} 0-1